 Dungeon Crawl Stone Soup version 0.20.1-1-g8b1a95d (webtiles) character file.

161 lysyklops the Firebug (level 5, 0/39 HPs)
             Began as a Draconian Fire Elementalist on Nov 17, 2017.
             Was an Initiate of Qazlal.
             Killed from afar by an orc wizard (1 damage)
             ... with a magic dart
             ... on level 3 of the Dungeon on Nov 18, 2017.
             The game lasted 00:23:57 (3600 turns).

lysyklops the Firebug (Draconian Fire Elementalist) Turns: 3600, Time: 00:23:58

Health: 0/39       AC:  9    Str: 10    XL:     5   Next: 18%
Magic:  1/9        EV: 11    Int: 17    God:    Qazlal [......]
Gold:   90         SH:  0    Dex: 11    Spells: 4/10 levels left

rFire    . . .     SeeInvis .   i - +0 dagger
rCold    . . .     Gourm    .   (no shield)
rNeg     . . .     Faith    .   (armour unavailable)
rPois    +         Spirit   .   (helmet restricted)
rElec    .         Reflect  .   c - scarf {cloud immunity}
rCorr    .         Harm     .   (no gloves)
MR       .....                  o - +0 pair of boots
Stlth    +.........             (no amulet)
Regen    0.2/turn               u - ring of poison resistance
MPRegen  0.2/turn               w - +3 ring of protection

@: very slightly contaminated, very heavily drained
A: unfitting armour, cold-blooded, AC +5
a: Renounce Religion


You were on level 3 of the Dungeon.
You worshipped Qazlal.
Qazlal was noncommittal.
You were not hungry.

You visited 1 branch of the dungeon, and saw 3 of its levels.

You collected 90 gold pieces.

Inventory:

Hand Weapons
 f - a +0 club
 h - a +0 dagger
 i - a +0 dagger (weapon)
Missiles
 v - 8 needles of sleeping
Armour
 c - a scarf of cloud immunity (worn)
 e - a cursed +0 large shield
 g - a +0 leather armour
 j - a +0 robe
 o - a +0 pair of boots (worn)
Jewellery
 m - an uncursed amulet of inaccuracy
 u - a ring of poison resistance (left hand)
 w - a +3 ring of protection (right hand)
 B - an uncursed ring of poison resistance
Scrolls
 k - 2 scrolls of identify
 l - a scroll of fear {unknown}
 p - 2 scrolls of teleportation {unknown}
 r - a scroll of recharging {unknown}
 t - 2 scrolls of random uselessness {unknown}
 x - a scroll of remove curse
 y - a scroll of magic mapping {unknown}
Potions
 q - a potion of magic {unknown}
 s - a potion of cancellation {unknown}
 z - a potion of berserk rage {unknown}
Books
 a - a book of Flames

   Spells                             Type                      Level
   a - Flame Tongue                   Conjuration/Fire             1
   b - Throw Flame                    Conjuration/Fire             2
   c - Conjure Flame                  Conjuration/Fire             3
   d - Inner Flame                    Hexes/Fire                   3
   e - Sticky Flame                   Conjuration/Fire             4
   f - Fireball                       Conjuration/Fire             5
Comestibles
 b - a bread ration
 d - 2 royal jellies
 n - 3 meat rations


   Skills:
 + Level 0.4(0.0) Fighting
 + Level 1.0(0.0) Short Blades
 + Level 2.1(0.0) Dodging
 + Level 2.2(0.0) Stealth
 + Level 3.1(0.0) Spellcasting
 + Level 1.9(0.0) Conjurations
 + Level 4.1(0.0) Fire Magic


You had 4 spell levels left.
You knew the following spells:

 Your Spells              Type           Power        Failure   Level  Hunger
a - Flame Tongue          Conj/Fire      #....        24%         1    ##.....
b - Throw Flame           Conj/Fire      #.....       34%         2    ###....
c - Conjure Flame         Conj/Fire      #.......     56%         3    ####...


Dungeon Overview and Level Annotations

Branches:
Dungeon (3/15)

Altars:
Dithmenos
Hepliaklqana
Qazlal
Zin


Innate Abilities, Weirdness & Mutations

Your plain brown scales are hard. (AC +5)
You cannot fit into any form of body armour.
You are cold-blooded and may be slowed by cold attacks.


Message History

The orc wizard hits you but does no damage.
You feel drained. The orc wizard closely misses you.
The orc wizard points at you and mumbles some strange words.
The puff of flame hits you!
* * * LOW HITPOINT WARNING * * *
There is an open door here.
You closely miss the orc wizard.
The orc wizard is heavily wounded.
The orc wizard hits you but does no damage.
You feel drained. The orc wizard closely misses you.
You hit the orc wizard.
The orc wizard is almost dead.
The orc wizard casts a spell.
The orc wizard flickers and vanishes!
Deactivating autopickup; reactivate with Ctrl-A.
You hear some strange, mumbled words.
A magic dart appears from out of thin air!
The magic dart hits you!
You die...

#.# #.# ##### #.# ####...# ##'###
#......# ####### #....#
#......####...... #....#######
#............#### #....#.....#
#....>.......#
##'###.....###............####
#####...'.....'.@............#...
†.....###.....###............#.##
####.####.....# #....###....##.#
####...##.....# #....# #....##.##
.....#.##.....# #....# #....##...
####..........# #....# #.........
......_.......# ###'####...######
####._8_.###### #...>'...'...#
......_..# ######...###.#


There were no monsters in sight!

Vanquished Creatures
  Natasha (D:3)
  3 gnolls (D:2)
  4 adders (D:2)
  An ooze (D:1)
  A worm (D:3)
  A dart slug (D:2)
  2 leopard geckos (D:2)
  5 bats
  5 giant cockroaches
  10 goblins
  10 hobgoblins
  5 frilled lizards
  3 kobolds
  14 rats
65 creatures vanquished.

Notes
Turn   | Place    | Note
-------+----------+-------------------------------------------
     0 | D:1      | lysyklops the Draconian Fire Elementalist began the quest for the Orb.
     0 | D:1      | Reached XP level 1. HP: 14/14 MP: 3/3
   350 | D:1      | Reached XP level 2. HP: 20/20 MP: 3/5
   354 | D:1      | Learned a level 2 spell: Throw Flame
   665 | D:1      | Learned a level 2 spell: Throw Flame
  1021 | D:1      | Reached XP level 3. HP: 26/26 MP: 4/6
  1585 | D:2      | Reached XP level 4. HP: 20/33 MP: 0/7
  1897 | D:2      | Learned a level 3 spell: Conjure Flame
  2074 | D:2      | Reached skill level 4 in Fire Magic
  2689 | D:3      | Found a stormy altar of Qazlal.
  2690 | D:3      | Found a glowing silver altar of Zin.
  2690 | D:3      | Found a hazy altar of Hepliaklqana.
  2691 | D:3      | Found a shadowy altar of Dithmenos.
  2714 | D:3      | Became a worshipper of Qazlal Stormbringer
  3102 | D:3      | Noticed Natasha
  3136 | D:3      | Killed Natasha
  3136 | D:3      | Reached XP level 5. HP: 16/39 MP: 3/9
  3382 | D:3      | Reached skill level 1 in Short Blades
  3595 | D:3      | HP: 1/39 [orc wizard/puff of flame (10)]
  3600 | D:3      | Killed from afar by an orc wizard

Skill      XL: |  1  2  3  4  5 |
---------------+----------------+-----
Dodging        | 2 |  2.1
Stealth        | 2 |  2.2
Fire Magic     | 4 |  4.1
Spellcasting   | 3 |  3.1
Short Blades   | 1 |  1.0
Fighting       | |  0.4
Conjurations   | |  1.9

Action                   |  1- 3 |  4- 6 || total
-------------------------+-------+-------++-------
Melee: Unarmed           |    10 |       ||    10
       Tailslap          |     2 |     8 ||    10
       Dagger            |    18 |    57 ||    75
 Cast: Flame Tongue      |    47 |    23 ||    70
       Throw Flame       |    11 |    26 ||    37
       Conjure Flame     |       |     2 ||     2
  Use: Scroll            |     4 |     1 ||     5
  Eat: Chunk             |     3 |     8 ||    11
Armor: Skin              |    19 |    38 ||    57
Dodge: Dodged            |    27 |    38 ||    65
